 Dungeon Crawl Stone Soup version 0.22.1-1-ga44c0e5 (webtiles) character file.

2620 brandon the Destroyer (level 9, -4/45 HPs)
             Began as a Deep Elf Fire Elementalist on Oct 5, 2018.
             Was a Follower of Vehumet.
             Slain by a sky beast (6 damage)
             ... on level 8 of the Dungeon.
             The game lasted 00:22:07 (8927 turns).

brandon the Destroyer (Deep Elf Fire Elementalist)  Turns: 8927, Time: 00:22:08

Health: -4/45      AC:  6    Str:  5    XL:     9   Next: 34%
Magic:  1/23       EV: 18    Int: 27    God:    Vehumet [*.....]
Gold:   277        SH:  5    Dex: 20    Spells: 9/25 levels left

rFire    . . .     SeeInvis .   D - +1 dagger (speed)
rCold    . . .     Gourm    .   (no shield)
rNeg     + . .     Faith    .   a - +0 robe
rPois    .         Spirit   .   m - +0 helmet
rElec    .         Reflect  +   E - +0 cloak
rCorr    .         Harm     .   n - +0 pair of gloves
MR       .....                  f - +0 pair of boots
Stlth    +++.......             F - +5 amulet of reflection
HPRegen  0.15/turn              g - ring of positive energy
MPRegen  0.18/turn              i - +3 ring of intelligence

@: agile
A: no striking features
a: Renounce Religion


You were on level 8 of the Dungeon.
You worshipped Vehumet.
Vehumet was aware of your devotion.
You were not hungry.

You visited 2 branches of the dungeon, and saw 9 of its levels.
You also visited: Sewer.

You collected 277 gold pieces.

Inventory:

Hand Weapons
 o - a +2 dagger of venom
 D - a +1 dagger of speed (weapon)
Armour
 a - a +0 robe (worn)
 f - a +0 pair of boots (worn)
 m - a +0 helmet (worn)
 n - a +0 pair of gloves (worn)
 E - a +0 cloak (worn)
 H - a +2 pair of boots
Jewellery
 g - a ring of positive energy (left hand)
 i - a +3 ring of intelligence (right hand)
 p - an uncursed ring of fire
 F - a +5 amulet of reflection (around neck)
Wands
 A - a wand of polymorph (15)
Scrolls
 b - 8 scrolls of teleportation
 d - a scroll of fear {unknown}
 h - 3 scrolls of remove curse
 j - 8 scrolls of identify {unknown}
 l - a scroll of fog {unknown}
 q - a scroll of enchant weapon {unknown}
 s - a scroll of amnesia {unknown}
 u - 3 scrolls of immolation {unknown}
 y - a scroll of magic mapping {unknown}
Potions
 e - a potion of heal wounds {unknown}
 k - 2 potions of haste {unknown}
 r - a potion of ambrosia {unknown}
 t - 2 potions of flight {unknown}
 v - 2 potions of mutation {unknown}
 w - 5 potions of curing
 x - a potion of magic {unknown}
 z - 3 potions of might {unknown}
 C - a potion of resistance {unknown}
 G - a potion of degeneration {unknown}
Comestibles
 c - 13 rations


   Skills:
 - Level 2.4 Dodging
 - Level 2.4 Stealth
 + Level 8.9 Spellcasting
 * Level 9.9 Conjurations
 + Level 7.7 Fire Magic


You had 9 spell levels left.
You knew the following spells:

 Your Spells              Type           Power        Failure   Level  Hunger
a - Flame Tongue          Conj/Fire      #####        1%          1    None
b - Throw Flame           Conj/Fire      ######       1%          2    None
c - Sting                 Conj/Pois      ####         1%          1    None
d - Sticky Flame          Conj/Fire      ######..     1%          4    #......
e - Fireball              Conj/Fire      ######....   3%          5    ####...
f - Conjure Flame         Conj/Fire      ######..     1%          3    None

Your spell library contained the following spells:

 Spells                   Type           Power        Failure   Level  Hunger
 Inner Flame              Hex/Fire       ####....     3%          3    None


Dungeon Overview and Level Annotations

Branches:
Dungeon (8/15)             Temple (1/1) D:6
   Lair: D:8-11

Altars:
Ashenzari
Gozag
Kikubaaqudgha
Nemelex Xobeh
Okawaru
Qazlal
Ru
Sif Muna
Trog
Uskayaw
Vehumet
Xom
Yredelemnul
Zin
Jiyva

Shops:
D:4 %

Annotations:
D:2 Sigmund
D:6 1 runed door, strongu's ghost, novice OpCK


Message History

The hornet is covered in liquid flames!
* * * LOW HITPOINT WARNING * * *
You feel very sick.
The hornet burns!
You kill the hornet!
Vehumet accepts your kill.
You feel yourself speed up.
* * * LOW HITPOINT WARNING * * *
You feel very sick.
Okay, then.
It was a potion of curing.
You feel better. The sky beast hits you.
* * * LOW HITPOINT WARNING * * *
The sky beast shocks you.
* * * LOW HITPOINT WARNING * * *
Unknown command.
You feel agile all of a sudden. The sky beast hits you.
* * * LOW HITPOINT WARNING * * *
The sky beast shocks you.
You die...

######### #.......#
#.#####.#######
####.#............
.....)..............
###.#.@Y#.#######.#
#######
#.#.###a######...
#.....#
#.....#.....##..#
#.###.#####.#.#####a#
..### #.# #.......#.#
#.# ./..
#.###########.#
#.###.#####
#.............##
#.a........
#######.........#
#####a#####
+.............#.#
#..........


You could see a sky beast.

Vanquished Creatures
  A hornet (D:8)
  Grinder (D:4)
  A hungry ghost (D:6)
  A sky beast (D:5)
  An orc warrior (D:5)
  A black bear (D:7)
  A phantom (D:7)
  2 ice beasts (D:5)
  3 ogres
  2 centaurs (D:7)
  A big kobold (D:7)
  Blork the orc (D:4)
  A gnoll sergeant (D:5)
  5 killer bees
  A howler monkey (D:7)
  A bullfrog zombie (D:5)
  A jelly (D:5)
  A centaur skeleton (D:5)
  An orc priest (D:6)
  A hound (D:5)
  An orc wizard (D:5)
  An iguana (D:7)
  5 worker ants
  A hound zombie (D:7)
  Robin (D:2)
  A howler monkey zombie (D:7)
  6 gnolls
  7 adders
  A howler monkey skeleton (D:6)
  3 river rats (Sewer)
  3 shadow imps
  An adder zombie (D:7)
  2 dart slugs
  2 worms (D:4)
  6 leopard geckos
  14 orcs
  8 giant cockroaches
  12 hobgoblins
  4 jackals (D:8)
  6 kobolds
  7 quokkas
  5 ball pythons
  A ball python skeleton (D:4)
  7 bats
  14 frilled lizards
  13 goblins
  A leopard gecko skeleton (D:4)
  A leopard gecko zombie (D:7)
  2 quokka skeletons (D:5)
  13 rats
177 creatures vanquished.

Notes
Turn   | Place    | Note
-------+----------+-------------------------------------------
     0 | D:1      | brandon the Deep Elf Fire Elementalist began the quest for
                  | the Orb.
     0 | D:1      | Reached XP level 1. HP: 10/10 MP: 6/6
   270 | D:1      | Reached XP level 2. HP: 15/15 MP: 5/8
   271 | D:1      | Reached skill level 2 in Conjurations
   350 | D:1      | Learned a level 2 spell: Throw Flame
  1156 | D:2      | Noticed Robin
  1312 | D:2      | Reached XP level 3. HP: 19/19 MP: 2/10
  1379 | D:2      | Learned a level 3 spell: Conjure Flame
  1552 | D:2      | Noticed Sigmund
  1612 | D:2      | Killed Robin
  1612 | D:2      | Reached skill level 3 in Conjurations
  1624 | D:2      | Reached XP level 4. HP: 21/24 MP: 0/11
  2210 | D:3      | Learned a level 4 spell: Sticky Flame
  2498 | D:3      | Reached XP level 5. HP: 28/28 MP: 7/13
  2672 | D:3      | Found a faded altar of an unknown god.
  2754 | D:3      | Reached skill level 4 in Conjurations
  3261 | D:4      | Found a glowing drain.
  3265 | Sewer    | Entered a sewer
  4054 | D:4      | Noticed Grinder
  4058 | D:4      | Paralysed by Grinder for 7 turns
  4069 | D:4      | Killed Grinder
  4069 | D:4      | Reached skill level 5 in Spellcasting
  4069 | D:4      | Reached skill level 5 in Conjurations
  4069 | D:4      | Reached skill level 5 in Fire Magic
  4069 | D:4      | Reached XP level 6. HP: 20/32 MP: 1/16
  4185 | D:4      | Noticed Blork the orc
  4194 | D:4      | Killed Blork the orc
  4194 | D:4      | Reached XP level 7. HP: 27/36 MP: 9/17
  4256 | D:4      | Found a deep blue altar of Sif Muna.
  4296 | D:4      | Found a glowing silver altar of Zin.
  4297 | D:4      | Found an opulent altar of Gozag.
  4516 | D:4      | Reached skill level 6 in Conjurations
  4526 | D:4      | Learned a level 5 spell: Fireball
  4657 | D:4      | Found Vydis's Food Emporium.
  4695 | D:5      | Entered Level 5 of the Dungeon
  5046 | D:5      | Reached skill level 7 in Conjurations
  5120 | D:5      | Reached XP level 8. HP: 41/41 MP: 6/20
  5849 | D:5      | Reached skill level 8 in Conjurations
  6011 | D:5      | Found a hide-covered altar of Uskayaw.
  6202 | D:6      | Found a sparkling altar of Nemelex Xobeh.
  6254 | D:6      | Noticed strongu's ghost (novice OpCK)
  6259 | D:6      | Found a runed door.
  6380 | D:6      | Found a staircase to the Ecumenical Temple.
  6389 | Temple   | Entered the Ecumenical Temple
  6395 | Temple   | Became a worshipper of Vehumet
  6836 | D:6      | Found a faded altar of an unknown god.
  6836 | D:6      | Found a sacrificial altar of Ru.
  6841 | D:6      | Found a faded altar of an unknown god.
  6843 | D:6      | Found a shattered altar of Ashenzari.
  6844 | D:6      | Found an ancient bone altar of Kikubaaqudgha.
  7333 | D:7      | Reached skill level 9 in Conjurations
  7690 | D:7      | Reached XP level 9. HP: 45/45 MP: 2/23
  8115 | D:8      | Found a stormy altar of Qazlal.
  8878 | D:8      | Reached * piety under Vehumet
  8878 | D:8      | Offered knowledge of Sting by Vehumet.
  8881 | D:8      | Learned a level 1 spell: Sting
  8921 | D:8      | Paralysed by a hornet for 3 turns
  8925 | D:8      | HP: 2/45 [poisoned by a hornet]
  8927 | D:8      | Slain by a sky beast

Skill      XL: |  1  2  3  4  5  6  7  8 |
---------------+-------------------------+-----
Conjurations   | 2 3 5 7 9 |  9.9
Spellcasting   | 4 5 6 8 |  8.9
Fire Magic     | 4 5 7 |  7.7
Dodging        | |  2.4
Stealth        | |  2.4

Action                   |  1- 3 |  4- 6 |  7- 9 || total
-------------------------+-------+-------+-------++-------
Melee: Unarmed           |     1 |       |       ||     1
       Dagger            |     5 |     8 |       ||    13
 Cast: Flame Tongue      |    43 |    43 |    41 ||   127
       Throw Flame       |    17 |    52 |    71 ||   140
       Sticky Flame      |       |     3 |    23 ||    26
       Fireball          |       |       |    24 ||    24
       Conjure Flame     |       |       |     2 ||     2
       Sting             |       |       |     3 ||     3
  Use: Scroll            |     2 |       |     1 ||     3
       Potion            |       |       |     2 ||     2
  Eat: Chunk             |     3 |     8 |    11 ||    22
       Ration            |       |       |     3 ||     3
Armor: Robe              |     1 |     1 |    15 ||    17
Dodge: Dodged            |    12 |    10 |    25 ||    47
Block: Other             |       |     2 |     7 ||     9
       Reflection        |       |       |     1 ||     1
